 Dungeon Crawl Stone Soup version 0.29-a0-1027-gcd8c55af63 (webtiles) character file.

Game seed: 18038075622611361570

39 Conn the Firebug (level 3, 0/21 HPs)
             Began as an Octopode Fire Elementalist on Aug 13, 2022.
             Splashed by a jelly's acid (8 damage)
             ... on level 2 of the Dungeon.
             The game lasted 00:01:55 (763 turns).

Conn the Firebug (Octopode Fire Elementalist)        Turns: 763, Time: 00:01:56

Health: 0/21       AC: -3    Str:  7    XL:     3   Next: 47%
Magic:  6/6        EV: 13    Int: 19    God:
Gold:   52         SH:  0    Dex: 12    Spells: 3/6 levels left

rFire   . . .      SeeInvis .   b - +0 dagger (vamp)
rCold   . . .      Faith    .   (no shield)
rNeg    . . .      Spirit   .   (helmet restricted)
rPois   .          Reflect  .   (no amulet)
rElec   .          Harm     .   (no ring)
rCorr   .          Rampage  .   (no ring)
Will    .....                   (no ring)
Stlth   +++.......              (no ring)
HPRegen 0.07/turn               (no ring)
MPRegen 0.10/turn               (no ring)
                                (no ring)
                                (no ring)

@: corroded
A: almost no armour, amphibious, 8 rings, camouflage 1, gelatinous body 1,
(nimble swimmer 1), tentacles
a: no special abilities


You were on level 2 of the Dungeon.
You visited 1 branch of the dungeon, and saw 2 of its levels.

You collected 52 gold pieces.

Inventory:

Hand Weapons
 b - a +0 vampiric dagger (weapon)
Scrolls
 c - a scroll of magic mapping {unknown}
 e - a scroll of noise {unknown}
 f - a scroll of brand weapon {unknown}
Potions
 a - a potion of magic
 d - a potion of flight {unknown}


   Skills:
 + Level 0.1 Short Blades
 + Level 2.2 Dodging
 + Level 3.0 Stealth
 + Level 2.3 Spellcasting
 + Level 1.4 Conjurations
 + Level 3.6 Fire Magic


You had 3 spell levels left.
You knew the following spells:

 Your Spells              Type           Power      Damage    Failure   Level
a - Foxfire               Conj/Fire      44%        2x1d6     6%          1
e - Scorch                Fire           32%        2d7       5%          2

Your spell library contained the following spells:

 Spells                   Type           Power      Damage    Failure   Level
 Necrotise                Necr           8%         1d4       17%         1
 Conjure Flame            Conj/Fire      11%        6-21      17%         3
 Inner Flame              Hex/Fire       9%         N/A       24%         3
 Blink                    Tloc           4%         N/A       26%         2
 Lesser Beckoning         Tloc           2%         N/A       45%         3
 Flame Wave               Conj/Fire      11%        2d6       50%         4
 Alistair's Intoxication  Tmut/Pois      1%         N/A       99%         5
 Borgnjor's Vile Clutch   Necr/Erth      1%         N/A       99%         5
 Manifold Assault         Tloc           2%         N/A       99%         5
 Necromutation            Tmut/Necr      1%         N/A       100%        8


Dungeon Overview and Level Annotations

Branches:
Dungeon (2/15)

Altars:


Innate Abilities, Weirdness & Mutations

You cannot wear most types of armour.
You are amphibious.
You can wear up to eight rings at the same time.
Your skin changes colour to match your surroundings (Stealth+).
Your rubbery body absorbs attacks. (AC +1, EV +1)
((You are camouflaged when in or above water. (Stealth+)))
You have tentacles for arms and can constrict up to eight enemies at once.


Message History

The kobold hits you with a +0 short sword.
Unknown command.
You hit the kobold.
You feel better.
You kill the kobold!
Unknown command.
Found 8 gold pieces.
Your magical contamination has completely faded away.
There is an open gate here.
Things that are here:
a +0 short sword; 3 stones
There is an open gate here.
Things that are here:
a +0 whip; a kobold corpse
Items here: ( )) †.
You now have 52 gold pieces (gained 8).
You see here 2 stones.
f - a scroll labelled ACABYCIDAI You see here 2 stones.
You open the door.
There is an open door here.
A kobold comes into view. It is wielding a +0 whip.
The kobold shouts!
The kobold hits you with a +0 whip.
You hit the kobold but do no damage. Your grab misses the kobold.
Your squeeze misses the kobold. The kobold hits you with a +0 whip.
You hit the kobold. Your grab misses the kobold. You squeeze the kobold.
You kill the kobold!
Things that are here:
a +0 whip; 5 stones You open the door.
An endoplasm comes into view.
Found two rat skeletons. 8 endoplasms and 3 jellies come into view.
Found a hobgoblin skeleton and 11 gold pieces.
There is an open door here.
The helpless jelly fails to defend itself.
You puncture the jelly!
Your tentacles burn!
The jelly is severely wounded.
The jelly hits you. The acid corrodes you!
You are splashed with acid!
You die...

......# #.....##......
########.....##......
...[..........†......
################..... #########
#..... ........# #.....
#..†###.######## #..... #...#
#.##J.÷.÷.########## #..... #...#
#.##P.PP..@##......####.... #...#
#.##J...JJ#.#.......##).... )...#
#.##...P.P#)#.......))..##+
#...###.##J..JJ.#.#........).....
....'.#.##PP.P..#.#'#...(..'.....
....#.#.##J.J..J#.#.#.....##.....
#####.#.##PP.P..#.#.#....###.....
#.#.##$.J÷.J##.####### #..... ##
#.#.# ### #### #.#...


You could see 3 jellies and 9 endoplasms.

Vanquished Creatures
  A worm (D:2)
  A ball python (D:1)
  2 bats
  An endoplasm (D:2)
  5 giant cockroaches
  5 goblins
  3 jackals (D:2)
  A quokka (D:2)
  A frilled lizard (D:1)
  8 kobolds
  3 rats
31 creatures vanquished.

Vanquished Creatures (others)
  56 foxfires
  7 toadstools (D:2)
63 creatures vanquished.

Grand Total: 94 creatures vanquished

Notes
Turn   | Place    | Note
-------+----------+-------------------------------------------
     0 | D:1      | Conn the Octopode Fire Elementalist began the quest for the
                  | Orb.
     0 | D:1      | Reached XP level 1. HP: 11/11 MP: 3/3
    59 | D:1      | Got Alidduj's Octavo of Despicable Secrets and Toxins
   115 | D:1      | Reached XP level 2. HP: 11/17 MP: 3/5
   252 | D:1      | You fall into a shaft and drop 1 floor!
   438 | D:2      | Learned a level 2 spell: Scorch
   602 | D:2      | Reached XP level 3. HP: 21/21 MP: 0/6
   763 | D:2      | Splashed by a jelly's acid

Illustrated notes

Levels and vault maps discovered:
D:1:      dpeg_arrival_shelter, layout_loops_ring, minivault_5,
          kennysheep_pointless_box
D:2:      cheibrodos_fertilizer, layout_basic

Skill      XL: |  1  2  3 |
---------------+----------+-----
Stealth        | 3 |  3.0
Short Blades   | |  0.1
Dodging        | |  2.2
Spellcasting   | |  2.3
Conjurations   | |  1.4
Fire Magic     | |  3.6

Action                   || total
-------------------------++-------
Melee: Dagger            ||    29
       Constrict         ||     8
       Tentacles         ||     6
 Cast: Foxfire           ||    30
 Stab: Sleeping          ||     4
Armor: Skin              ||     4
Dodge: Dodged            ||    21

Table legend: (Time is in decaauts)
 A = Elapsed time spent in this place.
 B = Non-inter-level travel time spent in this place.
 C = Inter-level travel time spent in this place.
 D = Time resting spent in this place.
 E = Time spent auto-exploring this place.
 F = Levels seen in this place.
 G = Mean time per level.
                   A        B        C        D        E       F      G
               +--------+--------+--------+--------+--------+-----+--------+
         Total |    762 |    762 |      0 |      0 |    540 |   2 |  381.0 |
       Dungeon |    762 |    762 |      0 |      0 |    540 |   2 |  381.0 |
               +--------+--------+--------+--------+--------+-----+--------+

Top non-repeatable levels by time:
     D:2: 510 daAuts
     D:1: 251 daAuts
